 Dungeon Crawl Stone Soup version 0.30-a0-4-ga7cffc901d (webtiles) character file.

Game seed: 10100971981119298141

56065 greasedhog the Warrior (level 14, -16/98 HPs)
             Began as a Gargoyle Abyssal Knight on Aug 22, 2022.
             Was an Elder of Lugonu.
             Demolished by a two-headed ogre
             ... wielding a +0 giant spiked club
              (25 damage)
             ... on level 2 of the Orcish Mines.
             The game lasted 00:31:43 (23086 turns).

greasedhog the Warrior (Gargoyle Abyssal Knight)   Turns: 23086, Time: 00:31:43

Health: -16/98     AC: 32    Str: 20 (21) XL:     14   Next: 80%
Magic:  21/25      EV:  8    Int: 11 (12) God:    Lugonu [****..]
Gold:   1630       SH:  0    Dex: 14 (16) Spells: 13/13 levels left

rFire   . . .      SeeInvis +    m - +9 mace "Nasy" {vorpal, *Corrode Fly rPois}
rCold   . . .      Faith    .    (no shield)
rNeg    + . .      Spirit   .    D - +4 chain mail
rPois   ∞          Reflect  .    z - +2 helmet {SInv}
rElec   +          Harm     .    c - +0 cloak
rCorr   .          Rampage  .    (no gloves)
Will    +....                    y - +0 pair of boots
Stlth   ..........               (no amulet)
HPRegen 0.26/turn                C - ring of see invisible
MPRegen 0.19/turn                A - +6 ring of dexterity

@: flying, studying Shields
A: sickness immunity, AC +10, big wings, negative energy resistance 1,
electricity resistance, torment resistance 1, petrification resistance
a: Renounce Religion, Depart the Abyss, Bend Space, Banish, Corrupt


You were on level 2 of the Orcish Mines.
You worshipped Lugonu.
Lugonu was greatly pleased with you.
You visited 4 branches of the dungeon, and saw 18 of its levels.
You visited the Abyss 1 time.
You also visited: Ossuary.

You collected 1734 gold pieces.
You spent 104 gold pieces at shops.

Inventory:

Hand Weapons
 m - the +9 mace "Nasy" (weapon) {vorpal, *Corrode Fly rPois}
   (You found it on level 7 of the Dungeon)

   It inflicts extra damage upon your enemies.
   rPois:     It protects you from poison.
   Fly:       It grants you flight.
   *Corrode:  It may corrode you when you take damage.
Missiles
 n - 4 throwing nets
Armour
 c - a +0 cloak (worn)
 y - a +0 pair of boots (worn)
 z - a +2 helmet of see invisible (worn)
 D - a +4 chain mail (worn)
Jewellery
 l - a ring of resist corrosion
 A - a +6 ring of dexterity (right hand)
 C - a ring of see invisible (left hand)
Wands
 a - a wand of flame (36)
 p - a wand of digging (5)
 x - a wand of paralysis (8)
 F - a wand of iceblast (5)
 I - a wand of mindburst (18)
 N - a wand of polymorph (7)
Scrolls
 b - 3 scrolls of enchant weapon
 d - a scroll of vulnerability
 f - 4 scrolls of amnesia
 i - 4 scrolls of immolation
 j - 5 scrolls of fog
 r - 4 scrolls of enchant armour
 s - a scroll of poison
 G - 2 scrolls of magic mapping
 J - 6 scrolls of teleportation
 M - 3 scrolls of identify
 P - 4 scrolls of silence
Potions
 e - 4 potions of lignification
 g - 5 potions of brilliance
 h - 5 potions of haste
 k - 2 potions of attraction {unknown}
 o - 6 potions of curing {unknown}
 q - 5 potions of mutation
 t - 2 potions of might
 u - 3 potions of ambrosia {unknown}
 w - 3 potions of degeneration
 B - a potion of cancellation {unknown}
 H - 2 potions of magic {unknown}
 K - a potion of resistance {unknown}
 L - 2 potions of invisibility
 O - a potion of berserk rage {unknown}
Miscellaneous
 E - a lightning rod (4/4)


   Skills:
 - Level 15.0 Fighting
 - Level 12.0 Maces & Flails
 - Level 10.2 Armour
 - Level 0.7 Dodging
 * Level 14.8 Invocations
 * Level 8.6 Evocations


You had 13 spell levels left.
You didn't know any spells.
Your spell library contained the following spells:

 Spells                   Type           Power      Damage    Failure   Level
 Apportation              Tloc           0%         N/A       94%         1
 Magic Dart               Conj           0%         1d3       94%         1
 Necrotise                Necr           0%         1d4       94%         1
 Sandblast                Erth           0%         2d4       94%         1
 Blink                    Tloc           0%         N/A       98%         2
 Ensorcelled Hibernation  Hex/Ice        0%         N/A       98%         2
 Passwall                 Tmut/Erth      0%         N/A       98%         2
 Scorch                   Fire           0%         2d5       98%         2
 Searing Ray              Conj           0%         2d4       98%         2
 Dazzling Flash           Conj/Hex       0%         N/A       100%        3
 Stone Arrow              Conj/Erth      0%         3d7       100%        3
 Swiftness                Air            0%         N/A       100%        3
 Vampiric Draining        Necr           0%         2d6       100%        3
 Animate Dead             Necr           0%         N/A       100%        4
 Fulminant Prism          Conj/Hex       0%         3d6       100%        4
 Sticky Flame             Conj/Fire      0%         2d3       100%        4
 Summon Ice Beast         Ice/Summ       0%         N/A       100%        4
 Agony                    Necr           0%         N/A       100%        5
 Alistair's Intoxication  Tmut/Pois      0%         N/A       100%        5
 Borgnjor's Vile Clutch   Necr/Erth      0%         N/A       100%        5
 Fireball                 Conj/Fire      0%         3d3       100%        5
 Manifold Assault         Tloc           0%         N/A       100%        5
 Silence                  Hex/Air        0%         N/A       100%        5
 Summon Mana Viper        Hex/Summ       0%         N/A       100%        5
 Death Channel            Necr           0%         N/A       100%        6
 Starburst                Conj/Fire      0%         6d3       100%        6
 Monstrous Menagerie      Summ           0%         N/A       100%        7
 Storm Form               Tmut/Air       0%         N/A       100%        7
 Ignition                 Fire           0%         3d3       100%        8
 Fire Storm               Conj/Fire      0%         5d1       100%        9


Dungeon Overview and Level Annotations

Branches:
Dungeon (10/15)            Temple (1/1) D:5            Lair (5/5) D:10
  Swamp (0/4) Lair:2        Snake (0/4) Lair:2        Slime (0/5) Lair:5
    Orc (2/2) D:9             Elf (0/3) Orc:2       Ossuary (visited)

Altars:
Ashenzari
Fedhas
Gozag
Kikubaaqudgha
Makhleb
Okawaru
Qazlal
Sif Muna
Trog
Vehumet
Xom
Yredelemnul
Jiyva
Lugonu

Shops:
D:7 *

Portals:
Abyss: Orc:2
Trove: D:10 (give +4 demon blade)

Annotations:
Abyss:1 Erica, Snorg


Innate Abilities, Weirdness & Mutations

You are immune to sickness and miasma.
Your stone body is resilient. (AC +10)
You are immune to poison.
Your large and strong wings let you fly.
You resist negative energy. (rN+)
You are resistant to electric shocks. (rElec)
You are resistant to unholy torment.
You are immune to petrification.


Message History

The ogre is severely wounded.
The ogre barely misses you.
You sock the ogre!
You kill the ogre!
Lugonu accepts your kill.
You sock the two-headed ogre!
The two-headed ogre is moderately wounded.
The two-headed ogre hits you with a +0 giant spiked club.
The two-headed ogre hits you but does no damage.
The two-headed ogre hits you with a +0 giant club.
The two-headed ogre hits you with a +0 giant club!
You sock the two-headed ogre!
The two-headed ogre is heavily wounded.
The ogre hits you with a +0 giant club.
The ogre hits you with a +0 giant spiked club!
You are too injured to fight recklessly!
You are too injured to fight recklessly!
You are too injured to fight recklessly!
Unknown command.
The two-headed ogre hits you with a +0 giant club!
* * * LOW HITPOINT WARNING * * *
The two-headed ogre hits you with a +0 giant club.
* * * LOW HITPOINT WARNING * * *
You see here a +0 giant spiked club.
The ogre attacks as you move away! The ogre hits you but does no damage.
Found 51 gold pieces.
The ogre completely misses you.
Press: ? - help, Shift-Dir - straight line, f - two-headed ogre
Aim: a two-headed ogre, wielding two +0 giant clubs (chance to affect: 76%)
The two-headed ogre is devoured by a tear in reality.
Lugonu claims a new guest.
The two-headed ogre closely misses you. The two-headed ogre barely misses you.
The ogre hits you with a +0 giant club.
* * * LOW HITPOINT WARNING * * *
The ogre hits you with a +0 giant spiked club!
* * * LOW HITPOINT WARNING * * *
It was a potion of degeneration.
There was something very wrong with that liquid.
You feel weakened.
You feel dopey.
You feel clumsy.
The two-headed ogre hits you with a +0 giant spiked club!!
You die...

##.............###
##.#...............
#...................
....................
......$.............
...#................
...................
..........OO.......
.........§O@.......
.........§§.#......
.........§§........
..................$
..................
.....#............
................ .
............$


You could see a two-headed ogre and 2 ogres.

Vanquished Creatures
  2 hydras
  2 ogre magi (Orc:2)
  The ghost of Setbun the Slicer, a journeyman KoBr of Wu Jian (Lair:1)
  A catoblepas (Lair:4)
  6 two-headed ogres
  3 death yaks (D:10)
  An orc high priest (Orc:1)
  2 bog bodies (Lair:2)
  A swamp dragon (Lair:5)
  Pikel (D:7)
  The ghost of frimble the Chopper, a novice DsEE of Cheibriados (D:7)
  2 moths of wrath (Lair:1)
  7 elephants (Lair:2)
  5 black mambas
  A torpor snail (Lair:2)
  8 cane toads
  Joseph (D:8)
  Psyche (D:8)
  6 rime drakes
  8 komodo dragons
  4 trolls
  5 polar bears
  8 blink frogs
  12 dream sheep
  Prince Ribbit (D:8)
  6 spriggans (Lair:1)
  26 yaks
  2 hornets (Lair:1)
  A shadow (D:10)
  5 wyverns
  2 wraiths
  The ghost of Valamore the Chopper, an amateur HODe of Okawaru (D:4)
  Grum (D:8)
  6 basilisks
  6 steam dragons
  5 vampire mosquitoes
  A warg (Orc:2)
  2 swamp worms (Lair:2)
  5 nagas (Lair:2)
  10 water moccasins
  4 acid dragons
  8 orc warriors
  2 sky beasts (D:7)
  A black bear (D:7)
  A swamp drake (Lair:5)
  7 wolves
  11 ogres
  3 centaurs
  A phantom (D:5)
  5 kobold brigands
  15 bullfrogs
  5 gnoll sergeants
  4 scorpions
  A necrophage (D:4)
  19 wights
  9 killer bees
  An electric eel (Lair:2)
  4 howler monkeys
  2 hounds
  4 orc priests
  A human zombie (Ossuary)
  Crazy Yiuf (D:3)
  2 jellies
  A gnoll bouda (D:8)
  7 iguanas
  11 orc wizards
  A hound zombie (Ossuary)
  4 mummies (Ossuary)
  22 gnolls
  A river rat (D:10)
  10 adders
  A shadow imp (D:7)
  2 white imps (D:7)
  3 worms
  4 dart slugs
  45 orcs
  10 ball pythons
  4 bats
  2 endoplasms
  7 giant cockroaches
  A gnoll zombie (Ossuary)
  11 goblins
  6 hobgoblins
  17 quokkas
  A frilled lizard (D:1)
  4 goblin zombies (Ossuary)
  A hobgoblin zombie (Ossuary)
  27 kobolds
  A kobold zombie (Ossuary)
  An orc zombie (Ossuary)
  10 rats
  2 rat zombies (Ossuary)
497 creatures vanquished.

Vanquished Creatures (collateral kills)
  A gnoll bouda (D:5)
1 creature vanquished.

Vanquished Creatures (others)
  A wight (D:7)
  An orc (D:10)
  29 fungi
  A lurking horror (Orc:2)
  76 plants
108 creatures vanquished.

Grand Total: 606 creatures vanquished

Notes
Turn   | Place    | Note
-------+----------+-------------------------------------------
     0 | Abyss:1  | greasedhog the Gargoyle Abyssal Knight began the quest for
                  | the Orb.
     0 | Abyss:1  | Reached XP level 1. HP: 14/14 MP: 2/2
     1 | D:1      | Escaped the Abyss
    64 | D:1      | Reached XP level 2. HP: 17/19 MP: 3/3
   336 | D:1      | Reached XP level 3. HP: 15/24 MP: 4/4
   349 | D:1      | Reached *** piety under Lugonu
   368 | D:1      | Reached skill level 4 in Fighting
  1015 | D:2      | Reached XP level 4. HP: 29/29 MP: 5/5
  1289 | D:2      | Found a faded altar of an unknown god.
  1819 | D:3      | Reached XP level 5. HP: 28/33 MP: 7/7
  2281 | D:3      | Found a runed translucent door.
  2282 | D:3      | Noticed Crazy Yiuf
  2290 | D:3      | Killed Crazy Yiuf
  2608 | D:3      | Reached XP level 6. HP: 21/38 MP: 7/9
  2934 | D:4      | Reached skill level 5 in Maces & Flails
  3009 | D:4      | Reached skill level 5 in Invocations
  3009 | D:4      | Reached XP level 7. HP: 43/43 MP: 5/10
  3062 | D:4      | Found a runed translucent gate.
  3062 | D:4      | Found a runed translucent gate.
  3062 | D:4      | Found a runed translucent gate.
  3064 | D:4      | Noticed Valamore's ghost (amateur HODe)
  3459 | D:4      | Noticed a steam dragon
  3460 | D:4      | Banished a steam dragon
  3785 | D:5      | Entered Level 5 of the Dungeon
  3962 | D:5      | Found an ancient bone altar of Kikubaaqudgha.
  3988 | D:5      | Reached XP level 8. HP: 20/48 MP: 12/12
  4160 | D:5      | Found a sand-covered staircase.
  4167 | Ossuary  | Entered an ossuary
  4217 | Ossuary  | Reached **** piety under Lugonu
  4641 | D:5      | Found a blossoming altar of Fedhas.
  4641 | D:5      | Found a shimmering altar of Xom.
  4725 | D:5      | Found a staircase to the Ecumenical Temple.
  4777 | Temple   | Entered the Ecumenical Temple
  5736 | D:6      | Reached XP level 9. HP: 49/52 MP: 15/15
  6613 | D:6      | HP: 2/52 [gnoll/+0 club[a gnoll sergeant] (5)]
  7872 | D:7      | Found Roalunul's General Store.
  7876 | D:7      | Bought a scroll of enchant weapon for 82 gold pieces
  7876 | D:7      | Bought a scroll of identify for 22 gold pieces
  7920 | D:7      | Noticed frimble's ghost (novice DsEE)
  7923 | D:7      | Identified the +9 mace "Nasy" {vorpal, *Corrode Fly rPois}
  8057 | D:7      | Found a transporter.
  8063 | D:7      | Noticed an oklob plant
  8081 | D:7      | Found a transporter.
  8095 | D:7      | Reached skill level 5 in Fighting
  8203 | D:7      | Noticed Pikel
  8212 | D:7      | Killed Pikel
  8217 | D:7      | Reached skill level 6 in Fighting
  8277 | D:7      | Found a burning altar of Makhleb.
  8423 | D:7      | Reached skill level 10 in Maces & Flails
  8423 | D:7      | Reached XP level 10. HP: 46/61 MP: 16/16
  8580 | D:7      | Reached skill level 7 in Fighting
  8710 | D:7      | Found a stormy altar of Qazlal.
  8876 | D:8      | Noticed Grum
  8898 | D:8      | Killed Grum
  8950 | D:8      | Noticed Joseph
  8983 | D:8      | Killed Joseph
  9060 | D:8      | Reached skill level 8 in Fighting
  9085 | D:8      | Noticed a death knight
  9113 | D:8      | Noticed Erica
  9122 | D:8      | Banished Erica
  9123 | D:8      | Reached skill level 9 in Fighting
  9529 | D:8      | Reached XP level 11. HP: 69/71 MP: 17/17
  9565 | D:8      | Noticed Prince Ribbit
  9570 | D:8      | Killed Prince Ribbit
  9571 | D:8      | Reached skill level 10 in Fighting
  9705 | D:8      | Got the Grimoire of Harmful Combustion
  9744 | D:8      | Noticed a manticore
  9747 | D:8      | Banished a manticore
 10049 | D:8      | Banished a death knight
 10196 | D:9      | Noticed Psyche
 10210 | D:8      | Killed Psyche
 10273 | D:9      | Found an iron altar of Okawaru.
 10712 | D:9      | Found a broken altar of Ashenzari.
 10717 | D:9      | Found a staircase to the Orcish Mines.
 10925 | D:9      | Reached skill level 5 in Armour
 10970 | D:9      | Reached skill level 11 in Fighting
 11166 | D:10     | Entered Level 10 of the Dungeon
 11249 | D:10     | Found a portal to a secret trove of treasure.
 11394 | D:10     | Noticed a death yak
 11403 | D:10     | Killed a death yak
 11527 | D:10     | Noticed a death yak
 11547 | D:10     | Killed a death yak
 11547 | D:10     | Noticed a death yak
 11565 | D:10     | Killed a death yak
 11713 | D:10     | Found a staircase to the Lair.
 11759 | D:10     | Reached skill level 12 in Fighting
 11861 | D:10     | Reached XP level 12. HP: 81/81 MP: 18/18
 11994 | D:10     | Found a basalt altar of Yredelemnul.
 11994 | D:10     | Found a shimmering blue altar of Sif Muna.
 12081 | D:10     | Found a radiant altar of Vehumet.
 12226 | D:10     | Found an opulent altar of Gozag.
 12358 | Lair:1   | Entered Level 1 of the Lair of Beasts
 12560 | D:7      | Killed frimble's ghost
 12922 | D:4      | Killed Valamore's ghost
 13557 | Lair:1   | Noticed a boulder beetle
 13562 | Lair:1   | Banished a boulder beetle
 13563 | Lair:1   | Reached skill level 13 in Fighting
 13660 | Lair:1   | Found a transporter.
 13665 | Lair:1   | Noticed Setbun's ghost (journeyman KoBr)
 13821 | Lair:1   | Found a transporter.
 13826 | Lair:1   | Found a bloodstained altar of Trog.
 14443 | Lair:1   | Killed Setbun's ghost
 14620 | Lair:2   | Noticed a five-headed hydra
 14631 | Lair:2   | Banished a five-headed hydra
 14632 | Lair:2   | Reached skill level 10 in Armour
 15049 | Lair:2   | Reached skill level 14 in Fighting
 15333 | Lair:2   | Reached XP level 13. HP: 84/90 MP: 20/20
 15399 | Lair:2   | Reached skill level 10 in Invocations
 15872 | Lair:2   | Reached skill level 15 in Fighting
 15889 | Lair:2   | Reached skill level 1 in Evocations
 16244 | Lair:2   | Found a staircase to the Snake Pit.
 16327 | Lair:2   | Found a staircase to the Swamp.
 16549 | Lair:3   | Identified the +3 scimitar "Gania" {pain, rF+ Str+4 Int-2
                  | Dex+4 SInv}
 18390 | Lair:4   | Reached skill level 5 in Evocations
 18503 | Lair:5   | Entered Level 5 of the Lair of Beasts
 18965 | Lair:5   | Gained mutation: Your large and strong wings let you fly.
                  | [Gargoyle growth]
 18965 | Lair:5   | Reached XP level 14. HP: 87/98 MP: 23/23
 19492 | Lair:5   | Found a viscous altar of Jiyva.
 19493 | Lair:5   | Found a staircase to the Slime Pits.
 19692 | Lair:5   | Reached ***** piety under Lugonu
 20854 | Orc:1    | Entered Level 1 of the Orcish Mines
 20854 | Orc:1    | Noticed Snorg
 20865 | Orc:1    | Banished Snorg
 21227 | Orc:2    | Entered Level 2 of the Orcish Mines
 21302 | Orc:2    | Found a corrupted altar of Lugonu.
 21303 | Orc:2    | Found a one-way gate to the infinite horrors of the Abyss.
 23031 | Orc:2    | Found a staircase to the Elven Halls.
 23086 | Orc:2    | Demolished by a two-headed ogre

Illustrated notes

Levels and vault maps discovered:
D:1:      saegor_arrival_under_anarchy, layout_rooms,
          chequers_serial_rivers_large_b
D:2:      layout_basic, shapermc_ecumenical_altar_totnotflames
D:3:      layout_loops_ring, uniq_crazy_yiuf_cottage
D:4:      layout_gridville, gammafunk_ghost_split
D:5:      layout_rooms, mainiacjoe_overflow_concentric_impassable,
          nicolae_overflow_two_pavilions, minmay_temple_entry_arrows,
          nicolae_ossuary_entry_monument
D:6:      layout_cave_pods, portal_sewer_entry_f, nicolae_grassy_gnolls
D:7:      layout_loops_ring, grunt_qazlal_sundering,
          mainiacjoe_overflow_brackets, nzn_ghost_randoct, serial_shops, shop,
          minmay_misc_feat_secret_circle, uniq_pikel
D:8:      layout_loops_ring, minmay_pinched_square, uniq_prince_ribbit1,
          uniq_grum, uniq_erica, uniq_joseph
D:9:      layout_cross, kennysheep_mini_moat, kennysheep_okawaru_gauntlet,
          orc_0_dummy, uniq_psyche
D:10:     layout_gridville, vehumet_altar_wand_db,
          amethyst_overflow_temple_binary, mainiacjoe_overflow_boulevard,
          dpeg_lair_monsters, enter_trove_1
Temple:   minmay_temple_curvy_loop
Lair:1:   layout_small_grid, gammafunk_ghost_wrathful_warriors, minivault_26,
          lemuel_fruit_tree, serial_bayou_shore_b
Lair:2:   layout_misc_corridors, nicolae_swamp_entry_splash_gauntlet,
          minmay_snake_entry_guardpost_medium
Lair:3:   layout_regular_city
Lair:4:   layout_concentric_octagons, minivault_24, cheibrodos_lair_lostbears
Lair:5:   guppyfry_lair_end_dragon, layout_regular_city, slime_entry_1
Orc:1:    layout_caves, uniq_snorg
Orc:2:    st_orc_ogre_mass, layout_caves, basic_altar,
          amcnicky_altar_lugonu_corruption

Skill      XL: |  1  2  3  4  5  6  7  8  9 10 11 12 13 14 |
---------------+-------------------------------------------+-----
Fighting       | 4 6 9 12 14 15 | 15.0
Maces & Flails | 3 4 5 6 8 10 11 12 | 12.0
Invocations    | 3 4 5 6 8 9 12 14 | 14.8
Armour         | 7 10 | 10.2
Evocations     | 5 8 |  8.6
Dodging        | |  0.7

Action                   |  1- 3 |  4- 6 |  7- 9 | 10-12 | 13-15 || total
-------------------------+-------+-------+-------+-------+-------++-------
Melee: Mace              |   103 |   163 |   222 |   662 |   686 ||  1836
       Punch             |       |     5 |     6 |    10 |     4 ||    25
       Whip              |       |       |   251 |       |       ||   251
Invok: Banish            |       |     1 |     9 |    19 |     9 ||    38
       Bend Space        |       |       |       |     1 |       ||     1
Evoke: Wand              |       |       |     2 |       |     5 ||     7
  Use: Scroll            |     2 |     3 |     6 |     3 |     5 ||    19
       Potion            |       |     3 |     3 |     4 |     1 ||    11
 Stab: Paralysed         |       |       |     4 |       |    14 ||    18
       Petrified         |       |       |       |       |    12 ||    12
       Petrifying        |       |       |       |       |     1 ||     1
Armor: Leather armour    |     3 |       |       |       |       ||     3
       Ring mail         |    49 |    85 |    15 |       |       ||   149
       Chain mail        |       |       |   358 |   522 |   577 ||  1457
Dodge: Dodged            |    88 |   101 |   227 |   247 |   285 ||   948

Table legend: (Time is in decaauts)
 A = Elapsed time spent in this place.
 B = Non-inter-level travel time spent in this place.
 C = Inter-level travel time spent in this place.
 D = Time resting spent in this place.
 E = Time spent auto-exploring this place.
 F = Levels seen in this place.
 G = Mean time per level.
                   A        B        C        D        E       F      G
               +--------+--------+--------+--------+--------+-----+--------+
         Total |  22903 |  21942 |    961 |   4810 |  13276 |  20 | 1145.2 |
       Dungeon |  12563 |  11912 |    651 |   1754 |   7840 |  10 | 1256.3 |
        Temple |      1 |      1 |      0 |      0 |      0 |   1 |    1.0 |
          Lair |   7686 |   7420 |    266 |   1766 |   4571 |   5 | 1537.2 |
  Orcish Mines |   2212 |   2169 |     43 |   1290 |    552 |   2 | 1106.0 |
         Abyss |      1 |      1 |      0 |      0 |      0 |   1 |    1.0 |
       Ossuary |    437 |    437 |      0 |      0 |    313 |   1 |  437.0 |
               +--------+--------+--------+--------+--------+-----+--------+

Top non-repeatable levels by time:
  Lair:5: 2221 daAuts
     D:6: 2004 daAuts
  Lair:1: 1772 daAuts
  Lair:2: 1620 daAuts
     D:5: 1576 daAuts
   Orc:1: 1501 daAuts
     D:7: 1420 daAuts
     D:8: 1347 daAuts
     D:4: 1266 daAuts
    D:10: 1262 daAuts
  Lair:4: 1164 daAuts
     D:9: 987 daAuts
     D:1: 973 daAuts
     D:3: 962 daAuts
  Lair:3: 908 daAuts
